 Dungeon Crawl Stone Soup version 0.26.1 (webtiles) character file.

Game seed: 13622740167669328396

322 H0rd4k the Charlatan (level 6, 0/44 HPs)
             Began as a Human Artificer on Feb 5, 2021.
             Slain by an orc
             ... wielding a +0 mace
              (2 damage)
             ... on level 3 of the Dungeon.
             The game lasted 00:06:06 (3195 turns).

H0rd4k the Charlatan (Human Artificer)              Turns: 3195, Time: 00:06:07

Health: 0/44       AC:  3    Str: 14    XL:     6   Next: 76%
Magic:  6/6        EV: 12    Int: 12    God:
Gold:   101        SH:  0    Dex: 13    Spells: 5/5 levels left

rFire    . . .     SeeInvis .   h - +1 dagger (vamp)
rCold    . . .     Faith    .   (no shield)
rNeg     . . .     Spirit   .   b - +0 leather armour
rPois    .         Reflect  .   (no helmet)
rElec    .         Harm     .   (no cloak)
rCorr    .         Rampage  .   (no gloves)
Will     .....                  (no boots)
Stlth    ++........             (no amulet)
HPRegen  0.14/turn              (no ring)
MPRegen  0.10/turn              (no ring)

@: no status effects
A: no striking features
a: no special abilities


You were on level 3 of the Dungeon.
You visited 1 branch of the dungeon, and saw 4 of its levels.

You collected 101 gold pieces.

Inventory:

Hand Weapons
 a - a +0 club
 h - a +1 vampiric dagger (weapon)
 s - a +2 dagger of distortion
Missiles
 n - 47 poisoned darts
Armour
 b - a +0 leather armour (worn)
 t - a +1 pair of gloves
Wands
 c - a wand of flame (3) (quivered)
 d - a wand of enslavement (5)
 e - a wand of random effects (15)
Scrolls
 f - a scroll of immolation {unknown}
 i - 2 scrolls of enchant armour {unknown}
 k - a scroll of fear {unknown}
 m - a scroll of noise {unknown}
 q - 5 scrolls of remove curse {unknown}
 r - a scroll of enchant weapon {unknown}
Potions
 g - a potion of invisibility
 j - a potion of heal wounds
 l - a potion of attraction {unknown}
 o - 2 potions of lignification {unknown}
 p - a potion of flight {unknown}


   Skills:
 + Level 1.8 Fighting
 + Level 2.3 Short Blades
 + Level 0.2 Maces & Flails
 + Level 3.5 Armour
 + Level 2.0 Dodging
 + Level 1.9 Stealth
 + Level 4.8 Evocations


You had 5 spell levels left.
You didn't know any spells.
Your spell library was empty.

Dungeon Overview and Level Annotations

Branches:
Dungeon (4/15)
 Temple: D:4-7

Altars:
Ashenzari

Annotations:
D:1 exclusion: downstairs
D:2 exclusion: downstairs
D:4 Duvessa


Message History

The orc is heavily wounded.
You hit the orc but do no damage.
The orc is heavily wounded.
The orc hits you with a +0 mace!
* * * LOW HITPOINT WARNING * * *
The orc wizard casts a spell.
The orc wizard blinks!
You barely miss the orc.
The orc is heavily wounded.
The orc barely misses you.
Unknown command.
You hit the orc but do no damage.
The orc is heavily wounded.
The orc hits you but does no damage.
You hit the orc but do no damage.
The orc is heavily wounded.
You barely miss the orc.
The orc is heavily wounded.
The orc hits you with a +0 mace.
You die...

.## ..# #.## ###### ##..
..... ... #... .. ...
#.# ##.## #.# #.#
#..#.##.###...###...##.#
#).....@o.........#.....
##.########...###.. #...
##.## #.##... #.#
#...... #.# #.#. #.#
####.#(
#######.#####......
.........##........
#####....##.#.#..).


You could see an orc.

Vanquished Creatures
  Sigmund (D:2)
  An orc priest (D:3)
  A gnoll (D:1)
  3 adders (D:2)
  2 worms
  A dart slug (D:3)
  3 leopard geckos
  3 orcs
  3 bats
  2 giant cockroaches
  10 goblins
  7 hobgoblins
  3 jackals (D:2)
  2 ball pythons (D:2)
  4 frilled lizards
  7 kobolds
  4 rats
57 creatures vanquished.

Vanquished Creatures (collateral kills)
  Dowan (D:4)
  An orc wizard (D:3)
  A howler monkey skeleton (D:4)
  3 orcs
  A hobgoblin (D:2)
7 creatures vanquished.

Grand Total: 64 creatures vanquished

Notes
Turn   | Place    | Note
-------+----------+-------------------------------------------
     0 | D:1      | H0rd4k the Human Artificer began the quest for the Orb.
     0 | D:1      | Reached XP level 1. HP: 15/15 MP: 1/1
   323 | D:1      | Reached XP level 2. HP: 21/21 MP: 2/2
   692 | D:1      | Reached XP level 3. HP: 16/26 MP: 3/3
  1167 | D:2      | Reached skill level 4 in Evocations
  1171 | D:2      | Noticed Sigmund
  1547 | D:2      | Killed Sigmund
  1548 | D:2      | Reached skill level 1 in Short Blades
  1548 | D:2      | Reached XP level 4. HP: 22/32 MP: 4/4
  1548 | D:2      | Reached XP level 5. HP: 25/37 MP: 5/5
  1548 | D:2      | Reached XP level 6. HP: 29/43 MP: 6/6
  1925 | D:2      | Found a broken altar of Ashenzari.
  3134 | D:4      | Noticed Duvessa
  3134 | D:4      | Noticed Dowan
  3160 | D:4      | Killed Dowan
  3191 | D:3      | HP: 2/44 [orc/+0 mace (8)]
  3195 | D:3      | Slain by an orc

Illustrated notes

Levels and vault maps discovered:
D:1:      dpeg_arrival_water_temple_mockup, layout_basic, serial_aquarium,
          aquarium_bridge_long_separate [aquarium_subvault_bridge,
          aquarium_subvault_balcony, aquarium_subvault_wall,
          aquarium_subvault_bridge, aquarium_subvault_wall,
          aquarium_subvault_wall], aquarium_bridge_square
          [aquarium_subvault_wall, aquarium_subvault_bridge,
          aquarium_subvault_bridge, aquarium_subvault_bridge],
          aquarium_window_2, aquarium_window_corridor_2, aquarium_view_2c,
          aquarium_view_2f, aquarium_balcony_1b, aquarium_pool_2,
          nrook_mini_vaults
D:2:      layout_basic, evilmike_ruin_ashenzari, dk_noncrumbling_2, uniq_sigmund
D:3:      layout_loops_ring, grunt_temple_overflow_open, grunt_ministairs_13,
          kennysheep_generic_room_12
D:4:      layout_cave_pools, grunt_temple_overflow_order_and_chaos_1,
          lemuel_round_altar, serial_shops, shop, st_stairs_9, uniq_pikel,
          uniq_duvessa

Skill      XL: |  1  2  3  4  5  6 |
---------------+-------------------+-----
Evocations     | 4 |  4.8
Short Blades   | 1 2 |  2.3
Armour         | 3 |  3.5
Dodging        | 2 |  2.0
Fighting       | |  1.8
Maces & Flails | |  0.2
Stealth        | |  1.9

Action                   |  1- 3 |  4- 6 || total
-------------------------+-------+-------++-------
Melee: Club              |    14 |       ||    14
       Dagger            |    84 |   197 ||   281
Evoke: Wand              |    11 |    11 ||    22
  Use: Potion            |     2 |       ||     2
 Stab: Betrayed ally     |       |     1 ||     1
Armor: Leather armour    |    22 |    40 ||    62
Dodge: Dodged            |    53 |   129 ||   182
